 Dungeon Crawl Stone Soup version 0.17.0-22-g5edae84 (console) character file.

112 Kloppie the Sneak (level 4, -13/27 HPs)
             Began as a High Elf Earth Elementalist on Nov 13, 2015.
             Was a Follower of Cheibriados.
             Killed by divine providence
             ... invoked by an orc priest
              (14 damage)
             ... on level 3 of the Dungeon.
             The game lasted 00:06:45 (3002 turns).

Kloppie the Sneak (High Elf Earth Elementalist)     Turns: 3002, Time: 00:06:45

Health: -13/27     AC:  2    Str: 12    XL:     4   Next: 63%
Magic:  8/8        EV: 13    Int: 22    God:    Cheibriados [*.....]
Gold:   120        SH:  0    Dex: 17    Spells: 3 memorised, 1 level left

rFire  . . .     SeeInvis .     b - 24 stones
rCold  . . .     Clarity  .     e - +0 robe
rNeg   . . .     SustAt   .     (no shield)
rPois  .         Gourm    .     (no helmet)
rElec  .         Spirit   .     (no cloak)
rCorr  .         Warding  .     (no gloves)
rMut   .         Stasis   .     (no boots)
MR     .....                    (no amulet)
Stlth  +++.......               (no ring)
                                k - +3 ring of strength

@: very slow, not resistant to hostile enchantments, fairly stealthy
A: no striking features
a: Bend Time, Renounce Religion


You were on level 3 of the Dungeon.
You worshipped Cheibriados.
Cheibriados was aware of your devotion.
You were not hungry.

You visited 1 branch of the dungeon, and saw 3 of its levels.

You collected 120 gold pieces.

Inventory:

Hand Weapons
 a - a +0 dagger
 j - a +0 short sword
Missiles
 b - 24 stones (in hand)
Armour
 e - a +0 robe (worn)
Jewellery
 k - a +3 ring of strength (left hand)
 s - a cursed -2 ring of dexterity {unknown}
Scrolls
 f - 3 scrolls of remove curse {unknown}
 h - a scroll of blinking {unknown}
 q - a scroll of magic mapping {unknown}
 r - a scroll of amnesia {unknown}
Potions
 i - 2 potions of agility
 n - 2 potions of curing {unknown}
 o - a potion of invisibility {unknown}
 p - a potion of brilliance {unknown}
 t - a potion of flight {unknown}
Books
 c - a book of Geomancy

   Spells                             Type                      Level
   a - Sandblast                      Earth                        1
   b - Stoneskin                      Transmutation/Earth          2
   c - Passwall                       Transmutation/Earth          3
   d - Stone Arrow                    Conjuration/Earth            3
   e - Petrify                        Transmutation/Earth          4
   f - Lee's Rapid Deconstruction     Earth                        5
Comestibles
 d - 2 bread rations
 g - 2 meat rations
 l - a beef jerky
 m - a royal jelly
 u - 2 chunks of flesh
 v - a slice of pizza


   Skills:
 - Level 2.1 Dodging
 + Level 4.0 Stealth
 - Level 2.4 Spellcasting
 + Level 2.1 Transmutations
 + Level 3.4 Earth Magic


You had one spell level left.
You knew the following spells:

 Your Spells              Type           Power        Failure   Level  Hunger
a - Sandblast             Erth           ###...       3%          1    None
b - Stoneskin             Trmt/Erth      ###.....     10%         2    ##.....
c - Stone Arrow           Conj/Erth      ##....       21%         3    ###....


Dungeon Overview and Level Annotations

Branches:
Dungeon (3/15)

Altars:
Cheibriados
Kikubaaqudgha


Message History

The orc priest calls down the wrath of Beogh upon you.
Pain shoots through your body!
A giant gecko comes into view.
An adder comes into view.
The orc priest looks braver for a moment.
The orc priest mumbles some strange prayers to Beogh against you.
You barely resist.
The orc priest invokes the aid of Beogh against you.
Something smites you!
* * * LOW HITPOINT WARNING * * *
The orc wizard gestures wildly while chanting.
The orc wizard seems to speed up.
You see here a club.
The orc priest invokes the aid of Beogh against you.
Pain shoots through your body!
* * * LOW HITPOINT WARNING * * *
The orc priest mumbles some strange prayers to Beogh against you.
Something smites you!
Ouch! That really hurt!
You die...

#.....#.####.#.....#.......####
#.....#.# #.#.....#)..)......#
#.....#.# #.......#...........
#....##.# ##....).#...)...##.#
#....##.# #.######...<......#
#....##.# #........)#<..#####
###.#.###.# ##.................
....#.#
#.######..#####..##.#####
#####.# #.#.....@)## #..# .#
....†.# #.#.####...# #.....#
.....<# #.#.####.#.# #.#####
......# #.#....#)#.## #.#
......# #.####.#o#..# #.#
......# #.# #.#.##.## ......#
#.# #.#o##..# ......# #.#
#.#.###)# .. #.# #.#.# #..#


You could see an orc priest and an orc.

Vanquished Creatures
  4 adders
  4 worms
  6 orcs
  2 giant cockroaches
  8 goblins
  3 hobgoblins
  2 jackals (D:1)
  11 kobolds
  A quokka (D:3)
  5 bats
  3 giant geckos (D:2)
  3 giant newts
  6 rats
58 creatures vanquished.

Notes
Turn   | Place    | Note
--------------------------------------------------------------
     0 | D:1      | Kloppie the High Elf Earth Elementalist began the quest for the Orb.
     0 | D:1      | Reached XP level 1. HP: 11/11 MP: 4/4
   412 | D:1      | Reached XP level 2. HP: 13/17 MP: 6/6
   914 | D:1      | Reached skill level 3 in Stealth
  1248 | D:2      | Found an ancient bone altar of Kikubaaqudgha.
  1322 | D:2      | Reached XP level 3. HP: 3/21 MP: 7/7
  1574 | D:2      | Learned a level 2 spell: Stoneskin
  1578 | D:2      | Learned a level 3 spell: Stone Arrow
  2009 | D:2      | Found a snail-covered altar of Cheibriados.
  2054 | D:2      | Became a worshipper of Cheibriados the Contemplative
  2280 | D:3      | Reached XP level 4. HP: 27/27 MP: 5/8
  2600 | D:3      | Reached * piety under Cheibriados
  2680 | D:3      | Reached skill level 4 in Stealth
  3001 | D:3      | HP: 1/27 [orc priest/nerve-wracking pain (5)]
  3002 | D:3      | Killed from afar by an orc priest

Action                   |  1- 3 |  4- 6 || total
-------------------------+-------+-------++-------
Melee: Dagger            |    52 |       ||    52
       Short sword       |    25 |       ||    25
 Cast: Sandblast         |    38 |    31 ||    69
 Stab: Sleeping          |     8 |       ||     8
  Eat: Chunk             |     4 |     2 ||     6
